Cogmind - Beta 15 @@@ ROGUE MODE // 2025.09.12 @ 17:00:54 Player: Grose Result: Destroyed by as-89717 with Assembled F-torch Performance ------------- Evolutions (0) 0 Regions Visited (2) 400 Robots Destroyed (30) 150 Value Destroyed (771) 771 Prototype IDs (2) 40 Alien Tech Used (0) 0 Bonus (0) 0 TOTAL SCORE: 1361 Bonus ------- None Cogmind --------- Core Integrity 0/250 Matter 145/300 Energy 160/160 System Corruption 0% Temperature Cool (52) Movement Core (850) Ox16 Location -10/Mines Parts ------- > --- POWER (1) -------- Light Nuclear Core > --- PROPULSION (2) --- (None) > --- UTILITY (2) ------ High-capacity Storage Unit Sensor Array > --- WEAPON (2) ------- Light Assault Rifle Mining Claw > --- INVENTORY (20) --- Ion Engine Hover Unit Hover Unit Hover Unit Hover Unit Heat Sink Medium Storage Unit Medium Storage Unit High-capacity Battery (250) Weight Redist. System Structural Scanner Machine Analyzer Terrain Scanner Light Armor Plating Small Laser Assault Rifle Datajack Peak State ------------ > --- POWER ------------ Light Nuclear Core > --- PROPULSION ------- Light Treads Light Treads > --- UTILITY ---------- High-capacity Storage Unit Sensor Array > --- WEAPON ----------- Assault Rifle Light Assault Rifle > --- INVENTORY -------- Ion Engine Light Ion Engine Light Ion Engine Light Treads Light Treads Aluminum Leg Aluminum Leg Wheel Wheel Compact Wheel Hover Unit Heat Sink Small Storage Unit High-capacity Storage Unit High-capacity Storage Unit High-capacity Battery Terrain Scanner Core Shielding Light Armor Plating Datajack [Rating: 11] Favorites ----------- Power Light Nuclear Core Engine Ion Engine Power Core Light Nuclear Core Propulsion Light Treads Treads Light Treads Wheel Compact Wheel Hover Unit Hover Unit Utility High-capacity Storage Unit Device Sensor Array Storage High-capacity Storage Unit Protection Core Shielding Weapon Assault Rifle Ballistic Gun Assault Rifle Launcher Grenade Launcher Slashing Weapon Mining Claw Special Melee Weapon Datajack Build | -11 -10 -10 ------- Run | Yrd Mat Min Slots Evolved . | . . . Power . | . . . Propulsion . | . . . Utility . | . . . Weapon . | . . . Parts Attached 28 | 6 15 7 Power 6 | 1 4 1 Engine 3 | 1 2 . Core 3 | . 2 1 Reactor . | . . . Propulsion 6 | 2 1 3 Treads 4 | 2 1 1 Leg . | . . . Wheel 1 | . . 1 Hover 1 | . . 1 Flight . | . . . Utility 7 | 1 6 . Device 2 | . 2 . Storage 3 | 1 2 . Processor . | . . . Hackware . | . . . Protection 2 | . 2 . Artifact . | . . . Weapon 9 | 2 4 3 Energy Gun . | . . . Energy Cannon . | . . . Ballistic Gun 5 | 2 2 1 Ballistic Cannon . | . . . Launcher 2 | . 1 1 Special Weapon . | . . . Impact Weapon . | . . . Slashing Weapon 1 | . 1 . Piercing Weapon . | . . . Special Melee Weapon 1 | . . 1 Unidentified Prototypes . | . . . Parts Lost 10 | . 2 8 Power 3 | . 1 2 Propulsion 4 | . . 4 Utility . | . . . Weapon 3 | . 1 2 Highest Loss Streak 5 | . 2 5 To Critical Strikes . | . . . Average Backups 16 | 2 16 18 Power 2 | . 2 1 Propulsion 6 | 1 6 4 Utility 6 | . 6 9 Weapon 1 | . . 2 Tool/Special . | . . . Unused Backups 20 | . 9 11 Power 4 | . 3 1 Propulsion 7 | . 4 3 Utility 9 | . 2 7 Weapon . | . . . Tool/Special . | . . . Average Slot Usage (%) 99 | . 99 90 Engine 5 | . 6 . Core 7 | . 7 11 Treads 27 | . 28 18 Device 9 | . 9 8 Storage 14 | . 14 14 Protection 4 | . 3 6 Ballistic Gun 26 | . 26 16 Peak Build Rating 11 | 6 11 11 Average Rating 9 | 4 9 9 On Entrance 5 | . 6 11 Naked Turns . | . . . Heaviest Build 53 | 11 52 53 Greatest Support 40 | 40 40 40 Greatest Overweight (x) 3 | 2 1 3 Average Overweight (x) . | . . 1 Largest Inventory Capacity 25 | 8 25 20 Average Capacity 19 | 7 19 20 Most Carried 20 | 5 20 20 Average Carried 16 | 3 16 18 Final Capacity 20 | 8 20 20 Final Carried 20 | 5 20 17 Class Distribution -------------------- 100% | Mutant Dominant Class ---------------- Mutant | -10/Materials Mutant | -10/Mines Resources | -11 -10 -10 ----------- Run | Yrd Mat Min Matter Collected 983 | 244 643 96 Remotely . | . . . Salvage Created 931 | . 816 115 Parts 50 | . 41 9 Haulers Intercepted 2 | . 2 . Recyclers Shooed 2 | . 2 . Parts Field Recycled . | . . . Retrieved Matter . | . . . Parts Self-Destructed . | . . . Prevented . | . . . Kills | -11 -10 -10 ------- Run | Yrd Mat Min Combat Hostiles Destroyed 22 | . 17 5 Melee 1 | . . 1 Guns 14 | . 10 4 AOE 7 | . 7 . Classes Destroyed 8 | . 8 . Worker 1 | . 1 . Builder 1 | . 1 . Hauler 2 | . 2 . Recycler 1 | . 1 . Mechanic 1 | . 1 . Watcher 2 | . 2 . Swarmer 5 | . 3 2 Grunt 17 | . 14 3 Best Kill Streak 4 | . 4 3 Combat Bots Only 3 | . 3 3 Max Kills in Single Turn 3 | . 3 1 Gunslinging . | . . . Exploded 3 | . 3 . Melee 1 | . . 1 Uniques/NPCs Destroyed . | . . . Combat | -11 -10 -10 -------- Run | Yrd Mat Min Hostile Shots Fired 142 | . 93 49 Missed 29 | . 21 8 Hits 113 | . 72 41 Projectile 113 | . 72 41 AOE 9 | . . 9 Critical Strikes 2 | . 2 . Damage Taken 1529 | . 873 656 Core 256 | . 128 128 Absorbed by Shields . | . . . Redirected to Shielding 7 | . 7 . Core Remaining (%) 100 | 100 . . Volleys Fired 81 | . 64 17 Largest 2 | . 2 2 Hottest 50 | . 50 50 Shots Fired 149 | . 125 24 Gun 136 | . 115 21 Cannon . | . . . Launcher 13 | . 10 3 Special . | . . . Kinetic 136 | . 115 21 Thermal . | . . . Explosive 13 | . 10 3 Electromagnetic . | . . . Robot Hit Streak 10 | . 10 10 Robot Miss Streak 3 | . 3 3 Penetration Max . | . . . Secondary Targets 2 | . 1 1 Max Gunslinging Chain 1 | . 1 1 Shots Hit Robots 98 | . 76 22 Core Hits 51 | . 41 10 Critical Kills . | . . . Critical Parts Destroyed . | . . . Critical Strikes . | . . . Melee Attacks 10 | . 2 8 Impact . | . . . Slashing 8 | . 2 6 Piercing . | . . . Sneak Attacks 2 | . . 2 Combat Hostiles . | . . . Follow-up Attacks . | . . . Damage Inflicted 2019 | . 1638 381 Guns 1025 | . 882 143 Cannons . | . . . Explosions 898 | . 756 142 Melee 96 | . . 96 Ramming . | . . . Kinetic 1025 | . 882 143 Thermal 74 | . . 74 Explosive 824 | . 756 68 Electromagnetic . | . . . Impact . | . . . Slashing 96 | . . 96 Piercing . | . . . Highest Corruption . | . . . Average Corruption . | . . . Corruption Purged . | . . . Corruption Blocked . | . . . Overload Shots . | . . . Overflow Damage 19 | . 11 8 Projectiles . | . . . Explosions 19 | . 11 8 Melee . | . . . Knockbacks . | . . . Impact . | . . . Kinetic . | . . . Secondary . | . . . Self-Inflicted Damage 33 | . 18 15 Shots 2 | . 1 1 Rammed . | . . . Targets Rammed . | . . . Kicked . | . . . Crushed . | . . . Highest Temperature 32 | . 25 32 Average Temperature 7 | . 7 8 Received Heat Transfer 656 | . 459 197 Siege Activations . | . . . Martial Activations . | . . . Shielding Activations . | . . . Robots Disrupted . | . . . Combat Hostiles . | . . . Robots Corrupted . | . . . Combat Hostiles . | . . . Parts Fried . | . . . Impact Corruptions . | . . . Robots Melted . | . . . Combat Hostiles . | . . . Parts Melted 1 | . . 1 Heat Transferred 100 | . . 100 Parts Sabotaged . | . . . Parts Stolen . | . . . Parts Stripped . | . . . Power Chain Reactions . | . . . Alert | -11 -10 -10 ------- Run | Yrd Mat Min Maximum Alert Level 1 | . 1 . Low Security (%) 47 | 100 42 100 Level 1 52 | . 57 . Level 2 . | . . . Level 3 . | . . . Level 4 . | . . . Level 5 . | . . . High Security . | . . . Max Security . | . . . Peak Influence 284 | . 284 169 Initial 89 | . . 89 Average 149 | . 155 118 Influence Increases 814 | . 641 173 Destroy 0b10 Robot/C 440 | . 340 100 Destroy 0b10 Robot/NC 40 | . 40 . Destroy Leader 78 | . 68 10 Successful Hack 77 | . 77 . Disable Machine 45 | . 15 30 Destroy Structure 74 | . 56 18 Lose Combat Pursuer 60 | . 45 15 Influence Decreases 722 | . 411 311 Entered New Map 141 | . . 141 Time Decay 481 | . 391 90 Lost Part 100 | . 20 80 Squads Dispatched 2 | . 2 . Investigation 1 | . 1 . Extermination . | . . . Reinforcement 1 | . 1 . Assault . | . . . Garrison . | . . . Intercept . | . . . Searches Triggered . | . . . Construction Impeded . | . . . Haulers Reinforced . | . . . Active Scanning Responses . | . . . Cargo Convoy Interrupts . | . . . Stealth | -11 -10 -10 --------- Run | Yrd Mat Min Distress Signals 3 | . 3 . Communications Jammed . | . . . Distress Signals . | . . . Times Spotted 48 | . 36 12 Peak Tracking Total 4 | . 4 4 Tactical Retreats 4 | . 3 1 Traps | -11 -10 -10 ------- Run | Yrd Mat Min Traps Triggered . | . . . Indirectly . | . . . Trap Hack Attempts . | . . . Triggered . | . . . Disarmed . | . . . Reprogrammed . | . . . Reused . | . . . Traps Extracted . | . . . Installed . | . . . Triggered . | . . . Machines | -11 -10 -10 ---------- Run | Yrd Mat Min Machines Disabled 3 | . 1 2 Max in Single Turn 2 | . 1 2 Machines Repaired . | . . . Machines Dismantled . | . . . Machines Sabotaged . | . . . Overloaded Fab Kills . | . . . Hacking | -11 -10 -10 --------- Run | Yrd Mat Min Machines Accessed 8 | . 8 . Terminals 7 | . 7 . Fabricators . | . . . Repair Stations . | . . . Recycling Units 1 | . 1 . Scanalyzers . | . . . Garrison Access . | . . . Total Hacks 40 | . 40 . Successful 25 | . 25 . Failed 15 | . 15 . Catastrophic 2 | . 2 . Database Lockouts . | . . . Manual 26 | . 26 . Terminals 37 | . 37 . Fabricators . | . . . Repair Stations . | . . . Recycling Units 3 | . 3 . Scanalyzers . | . . . Garrison Access . | . . . Terminal Hacks 16 | . 16 . Record 4 | . 4 . Robot Analysis 1 | . 1 . Prototype ID Bank 1 | . 1 . Branch Access Points 1 | . 1 . Terminal Index 1 | . 1 . Recycling Unit Index 1 | . 1 . Alert Level 2 | . 2 . Locate Traps 2 | . 2 . Dispatch Records 1 | . 1 . Hauler Manifests 1 | . 1 . Zone Layout 1 | . 1 . Fabricator Hacks . | . . . Repair Station Hacks . | . . . Recycling Unit Hacks . | . . . Scanalyzer . | . . . Garrison Access Hacks . | . . . Unauthorized Hacks 9 | . 9 . Terminals 7 | . 7 . Track 1 | . 1 . Botnet 6 | . 6 . Fabricators . | . . . Repair Stations . | . . . Recycling Units 2 | . 2 . Reject 1 | . 1 . Mask 1 | . 1 . Scanalyzers . | . . . Garrison Access . | . . . Data Cores Recovered . | . . . Used . | . . . Hacking Detections 8 | . 8 . Full Trace Events 2 | . 2 . Feedback Events . | . . . Feedback Blocked . | . . . Robot Schematics Acquired . | . . . Robots Built . | . . . Authchips . | . . . Time . | . . . Total Robot Build Rating . | . . . Part Schematics Acquired . | . . . Parts Built . | . . . Authchips . | . . . Time . | . . . Total Part Build Rating . | . . . Parts Repaired . | . . . Time . | . . . Parts Recycled . | . . . Recycled Matter . | . . . Retrieved Matter . | . . . Retrieved Components . | . . . Parts Scanalyzed . | . . . Part Schematics Acquired . | . . . Parts Damaged . | . . . Bothacking | -11 -10 -10 ------------ Run | Yrd Mat Min Used RIF Installer . | . . . Robots Hacked 1 | . . 1 Non-combat 1 | . . 1 Combat . | . . . Robot Hacks Applied 2 | . . 2 parse_system 1 | . . 1 no_distress 1 | . . 1 Relay Couplers Released . | . . . Fabnet Peak Effective % . | . . . Robots Rewired . | . . . Allies Hacked . | . . . Hacks Repelled . | . . . Allies | -11 -10 -10 -------- Run | Yrd Mat Min Total Allies . | . . . Largest Group . | . . . Highest-Rated Group . | . . . Highest-Rated Ally . | . . . Total Orders . | . . . Ally Attacks . | . . . Total Damage . | . . . Kills . | . . . Allies Corrupted . | . . . Allies Melted . | . . . Intel | -11 -10 -10 ------- Run | Yrd Mat Min Active Infowar (turns) 2357 | . 2239 118 Sensors 2174 | . 2106 68 Structural 183 | . 133 50 Robot Analysis Total 1 | . 1 . Derelict Logs Recovered . | . . . Drone Launches . | . . . Drone Recoveries . | . . . Exploration | -11 -10 -10 ------------- Run | Yrd Mat Min Turns Passed 3473 | 93 3183 197 Spaces Moved 1159 | 50 1060 49 Core 11 | 11 . . Treads 1131 | 39 1060 32 Legs . | . . . Wheels 17 | . . 17 Hover . | . . . Flight . | . . . Fastest Speed 50 | 50 160 130 Average Speed 233 | 152 238 205 Slowest Speed 240 | 160 240 240 Overloaded Moves . | . . . Propulsion Burnouts . | . . . Robots Hopped . | . . . Potential Cave-ins . | . . . Cave-ins Triggered . | . . . Exploration Rate (%) 38 | 6 96 12 Regions Visited 2 Branch Regions 1 Pre-discovered Areas . | . . . Known Exits Taken 1 | . 1 . Unknown Exits Taken 1 | 1 . . Scrap Searched . | . . . Spaces Dug 2 | . 2 . Terrain Destroyed 84 | . 63 21 Melee 2 | . 2 . Projectile . | . . . AOE 82 | . 61 21 Terrain Rammed . | . . . Walls Destroyed . | . . . Machines Disabled . | . . . Actions | -11 -10 -10 --------- Run | Yrd Mat Min Total 1764 | 67 1591 106 Wait 395 | 1 383 11 Move 1157 | 49 1059 49 Hop . | . . . Pick Up 48 | 11 34 3 Fast Attach 1 | . 1 . Attach 16 | 6 3 7 Detach 2 | . 1 1 Swap 34 | . 24 10 Drop 20 | . 20 . Fire 81 | . 64 17 Melee 10 | . 2 8 Ram . | . . . Kick . | . . . Crush . | . . . Escape Stasis . | . . . Rewire . | . . . Trap . | . . . Miscellaneous . | . . . Route ------- -11/Scrapyard -10/Materials (discovered 6 exits: [*Mat x3] / *Min x2 / [*Sub]) -10/Mines History --------- Turn | Location | Event 16 | -11/Scrapyard | Discovered new exit (range 16) 94 | -11/Scrapyard | Entered Materials 318 | -10/Materials | Build established: Mutant 392 | -10/Materials | Discovered new exit (range 7) 628 | -10/Materials | Identified exit to Mines 1264 | -10/Materials | Discovered new exit (range 11) 2384 | -10/Materials | Discovered new exit (range 14) 2500 | -10/Materials | Core integrity fell below 50% 2940 | -10/Materials | Discovered new exit (range 15) 3277 | -10/Materials | Entered Mines 3280 | -10/Mines | Met a Derelict bent on vengeance 3355 | -10/Mines | Assembled infested the area 3433 | -10/Mines | Lost 5 parts (1p2n2w) 3441 | -10/Mines | Core integrity fell below 20% 3474 | -10/Mines | Destroyed by as-89717 with Assembled F-torch Last Messages --------------- 03396_ Lgt. Nuclear Core destroyed. 03396_ Grenade Launcher destroyed. 03400_ Lgt. Treads destroyed. 03400_ D-53 Grenadier destroyed. 03402_ The unstable cave ceiling collapses. 03402_ Lgt. Treads destroyed. 03404_ The unstable cave ceiling collapses. 03406_ D-53 Grenadier destroyed. 03410_ The unstable cave ceiling collapses. 03429_ G-47 Trooper destroyed. 03433_ The unstable cave ceiling collapses. 03438_ Lgt. Nuclear Core destroyed. 03447_ G-34 Mercenary destroyed. 03448_ The unstable cave ceiling collapses. 03449_ Acquired 47 matter. 03452_ Acquired Lgt. Nuclear Core. 03453_ Acquired 30 matter. 03459_ The unstable cave ceiling collapses. 03460_ Acquired Sml. Laser. 03468_ Com. Wheel destroyed. Map ----- +----------------------------------------------------+ | ?????????????????????????????????????????????????? | | ?????????????????????????????????????????????????? | | ?????????????????????????????????????????????????? | | ?????????????????????????????????????????????????? | | ?????????????????????????????????????????????????? | | ?????????????????????????????????????????????????? | | ?????????????????????????????????????????????????? | | ?????????????????????????????????????????????????? | | ?????????????????????????????????????????????????? | | ?????????????????????????????????????????????????? | | ?????????????????????????????????????????????????? | | ?????????????????????????????????????????????????? | | ???????????????????#####?????????????????????????? | | ???????????????????#####?????????????????????????? | | ??????????????????? ##?????????????????????????? | | ???????????????????? ?????????????????????????? | | ???????????????????? ??????????????????????????? | | ???????????????????? ##??????????????????????????? | | ?????????????####### ##??????????????????????????? | | ?????????????####### ##??????????????????????????? | | ????????????### ? ?####????????????????????????? | | ???????????#### #############?####???????????????? | | ???????????### ######## ##??????????????? | | ??????????### # !! ### ##?????????????? | | ????????##### = ## ###????????????? | | ????????#### aa @ g ##????????????? | | ???????### # #### ##????????????? | | ??????### # # ### ###????????????? | | ??????## #### #####????????????? | | ??????#### ##### ####?????????????? | | ??????##### # "#### #????????????????? | | ????????### ###? ????????????????? | | ??????? # ###? ????????????????? | | ???????### # ####;;;###? ????????????????? | | ???????### #############? ???????????????? | | ????????### #####?#######?## ???????????????? | | ????????######??????????????### ???????????????? | | ?????????#####?????????????????# ???????????????? | | ???????????????????????????????? ??????????????? | | ???????????????????????????????? ??????????????? | | ???????????????????????????????? ????????????????? | | ?????????????????????????????????????????????????? | | ?????????????????????????????????????????????????? | | ?????????????????????????????????????????????????? | | ?????????????????????????????????????????????????? | | ?????????????????????????????????????????????????? | | ?????????????????????????????????????????????????? | | ?????????????????????????????????????????????????? | | ?????????????????????????????????????????????????? | | ?????????????????????????????????????????????????? | +----------------------------------------------------+ Best States ------------- Heat Dissipation 25 Energy Generation 14 Energy Capacity 250 Matter Stores 300 Matter Capacity 300 Sight Range 16 Robot Scan Range 14 Terrain Scan Density 10 Armor Coverage 150 Core Shielding 20 Evasion (%) 40 Recoil Reduction 2 Item Schematics ----------------- None Robot Schematics ------------------ None Fabricated ------------ Nothing Repaired ---------- Nothing Alien Tech Used ----------------- None Achievements -------------- Quantum Hacking root@ Challenges ------------ None Game ------ Seed SmallBoreRedistributor Manual? 0 Play Time 00:49:59 Cumulative 5.6 hours Start 2025.09.12 @ 15:11:40 End 2025.09.12 @ 17:00:54 Sessions 1 Manual Loads 0 Difficulty Rogue Special Mode None Game No. 5 Rogue 5 Adventurer 0 Explorer 0 Win Type - Total 0 Types 0/0/0/0/0/0/0/0/0/0 Lore% 2 Gallery% 5 Achievement% 9 Wizard Run 0 Options --------- Layout 1 ASCII 0 Keyboard 0 Movement Mouse Keybinds 0 Fullscreen 1 Font 24/Tamsyn Map View 50x35 Zoom Use 0% Tactical HUD 1 Map Filters NONE Filters NONE Steam 1 RUN: 68498d64-f323-4da6-b30c-944d1653195e